 Dungeon Sprint DCSS version 0.17-a0-1753-g75d4604 (webtiles) character file.

66647 Kidiri the Imperceptible (level 13, -18/55 HPs)
             Began as a Spriggan Enchanter on Sept 2, 2015.
             Was the Champion of Dithmenos.
             Demolished by a deep elf blademaster (19 damage)
             ... in the Dungeon (Sprint III: "The Ten Rune Challenge").
             The game lasted 00:32:54 (5750 turns).

Kidiri the Imperceptible (Spriggan Enchanter)       Turns: 5750, Time: 00:32:54

Health: -18/55     AC: 10    Str:  9    XL:     13   Next: 64%
Magic:  33/35      EV: 36    Int: 19    God:    Dithmenos [******]
Gold:   3103       SH:  0    Dex: 19    Spells: 8 memorised, 23 levels left

rFire  . . .     SeeInvis +     o - +0 dagger (protect)
rCold  . . .     Clarity  .     b - +1 robe
rNeg   . . .     SustAt   .     (shield restricted)
rPois  .         Gourm    .     x - +2 hat
rElec  .         Spirit   .     (no cloak)
rCorr  .         Warding  .     (gloves unavailable)
rMut   .         NoTele   +     (boots unavailable)
MR     ++...                    (no amulet)
Stlth  ++++++++++               (no ring)
                                (no ring)

@: mighty, exhausted, very slightly contaminated, slowed, wreathed by umbra,
quick, very resistant to hostile enchantments, uncannily stealthy
A: unfitting armour, see invisible, herbivore 3, speed 3, slow metabolism 2
a: Shadow Step, Shadow Form, Renounce Religion
}: 2/10 runes: serpentine, barnacled


You were in the Dungeon.
You worshipped Dithmenos.
Dithmenos was exalted by your worship.
You were very hungry.

You visited 1 branch You collected 3377 gold pieces.
You spent 274 gold pieces at shops.

Inventory:

Hand weapons
 f - a +2 dagger of venom
 o - a +0 dagger of protection (weapon)
 r - a +1 long sword of draining
 w - the cursed +1 falchion of the Land of Plenty {slice, -Tele rF+++ rN+ Dex+3, unknown}
   (You took it off a deep elf annihilator in the Dungeon)

   It inflicts extra damage upon your enemies.
   It affects your dexterity (+3).
   It renders you almost immune to fire.
   It protects you from negative energy.
   It prevents most forms of teleportation.
   It has a curse placed upon it.
Missiles
 m - 10 throwing nets (quivered)
Armour
 b - a +1 robe (worn)
 x - a +2 hat (worn)
 z - a +0 robe
 A - a +0 robe
 B - a +0 robe of poison resistance
Magical devices
 i - a wand of heal wounds (3)
 l - a wand of slowing (28)
 p - a wand of magic darts (23)
Scrolls
 j - a scroll of blinking
 k - 3 scrolls of remove curse
 n - a scroll of torment
 y - a scroll of holy word
 C - a scroll of silence {unknown}
Potions
 a - 2 potions of resistance
 e - 2 potions of curing
 g - a potion of haste
 h - a potion of magic
 q - a potion of brilliance
 s - a potion of flight
 v - a potion of agility
Books
 D - Adomegas's Papyrus of Changing
   (You found it in the Dungeon)

   Spells                             Type                      Level
   a - Beastly Appendage              Transmutation                1
   b - Stoneskin                      Transmutation/Earth          2
   c - Blade Hands                    Transmutation                5
   d - Dragon Form                    Transmutation                7
 E - a book of Callings

   Spells                             Type                      Level
   a - Summon Small Mammal            Summoning                    1
   b - Call Imp                       Summoning                    2
   c - Call Canine Familiar           Summoning                    3
   d - Summon Guardian Golem          Hexes/Summoning              3
   e - Summon Lightning Spire         Summoning/Air                4
   f - Summon Ice Beast               Ice/Summoning                4
Comestibles
 c - 25 royal jellies
 d - 3 bread rations
 t - 6 fruits


   Skills:
 + Level 11.9 Short Blades
 * Level 20.2 Dodging
 * Level 22.0 Stealth
 * Level 17.7 Spellcasting
 + Level 8.2 Conjurations
 + Level 13.1 Hexes
 + Level 13.8 Translocations
 + Level 12.6 Transmutations
 + Level 9.0 Ice Magic
 + Level 8.8 Earth Magic
 - Level 2.5 Invocations


You had 23 spell levels left.
You knew the following spells:

 Your Spells              Type           Power        Failure   Level  Hunger
a - Corona                Hex            ######.      0%          1    None
b - Ensorcelled Hibernat  Hex/Ice        ######       1%          2    None
c - Confuse               Hex            ######..     1%          3    None
d - Tukima's Dance        Hex            ######..     1%          3    None
e - Dazzling Spray        Conj/Hex       ######..     1%          3    None
f - Gell's Gravitas       Hex/Tloc       ######....   1%          3    None
g - Metabolic Englaciati  Hex/Ice        ######....   1%          5    ###....
h - Petrify               Trmt/Erth      ######..     1%          4    None


Dungeon Overview and Level Annotations

Branches:
Dungeon (1/1)

Altars:
Cheibriados
Dithmenos
Elyvilon
Fedhas
Gozag
Kikubaaqudgha
Makhleb
Nemelex Xobeh
Okawaru
Qazlal
Ru
Sif Muna
Trog
Vehumet
Xom
Yredelemnul
Zin
The Shining One
Jiyva
Lugonu

Shops:
D ?(}?[}(


Innate Abilities, Weirdness & Mutations

You are tiny and cannot use many weapons and most armour.
You have supernaturally acute eyesight.
You are a herbivore.
You cover ground extremely quickly.
You need consume almost no food.


Message History

The deep elf blademaster closely misses you.
The deep elf blademaster completely misses you.
The deep elf blademaster misses you. The deep elf blademaster hits you!
* * * LOW HITPOINT WARNING * * *
Unknown command.
You miss the deep elf blademaster.
The deep elf blademaster is lightly wounded.
Your shadow completely misses the deep elf blademaster.
The deep elf blademaster misses you. x2
Unknown command.
Drink which item? (? for menu, Esc to quit)
You feel very mighty all of a sudden.
You are feeling very hungry.
The deep elf blademaster barely misses you.
The deep elf blademaster misses you.
The deep elf blademaster hits you but does no damage.
The deep elf blademaster hits you!
* * * LOW HITPOINT WARNING * * *
You emit a cloud of dark smoke.
The deep elf blademaster hits you!!
You die...

###################
.#...##....'....§:#
.#...##≈≈≈≈##.e##§#
.#...≈≈≈........#§#
.#...##≈≈≈≈##.§##§#
.'...##.[[.'..§e@§#
###################
#################
...#......+...≈≈#
##.#......#...≈≈###
).##......#...≈≈≈≈#
.)+.......#...≈≈≈≈#
▓▓#.......#.......#
..#.......#.......#


You could see a deep elf blademaster.

Vanquished Creatures
  Rupert (D)
  A kraken (D)
  Gastronok (D)
  Dowan (D)
  A greater naga (D)
  Maud (D)
  A deep elf demonologist (D)
  2 deep elf annihilators (D)
  2 dire elephants (D)
  A deep elf death mage (D)
  A deep elf high priest (D)
  A naga warrior (D)
  2 hydras (D)
  Erolcha (D)
  An alligator snapping turtle (D)
  4 death yaks (D)
  2 orc high priests (D)
  A death drake (D)
  A lindwurm (D)
  2 deep elf summoners (D)
  A spriggan druid (D)
  An orc knight (D)
  2 deep elf conjurers (D)
  2 elephants (D)
  A guardian serpent (D)
  Duvessa (D)
  5 black mambas (D)
  2 spiny frogs (D)
  A fire drake (D)
  A komodo dragon (D)
  3 deep elf priests (D)
  A queen bee (D)
  8 blink frogs (D)
  3 wandering mushrooms (D)
  2 trapdoor spiders (D)
  5 snapping turtles (D)
  2 spriggans (D)
  4 redbacks (D)
  A shadow (D)
  2 hill giants (D)
  A spatial vortex (D)
  7 water moccasins (D)
  2 nagas (D)
  A swamp drake (D)
  2 orc warriors (D)
  A necrophage (D)
  2 brain worms (D)
  A water elemental (D)
  32 killer bees (D)
  An electric eel (D)
  A jelly (D)
  A wizard (D)
  An orc priest (D)
  A wolf (D)
  Jessica (D)
  A necromancer (D)
  3 humans (D)
  A kobold demonologist (D)
  3 adders (D)
  An ooze (D)
  5 orcs (D)
  A giant newt (D)
  2 rats (D)
148 creatures vanquished.

Vanquished Creatures (collateral kills)
  An orc sorcerer (D)
  2 orc warriors (D)
  3 two-headed ogres (D)
  3 orcs (D)
9 creatures vanquished.

Vanquished Creatures (others)
  2 draconian scorchers (D)
  A dancing weapon (D)
  3 yaktaurs (D)
  4 plants (D)
  8 tentacles (D)
18 creatures vanquished.

Grand Total: 175 creatures vanquished

Notes
Turn   | Place    | Note
--------------------------------------------------------------
     0 | D        | Kidiri the Spriggan Enchanter began the quest for the Orb.
     0 | D        | Reached XP level 1. HP: 9/9 MP: 5/5
     9 | D        | Reached skill level 5 in Stealth
    31 | D        | Noticed Jessica
    35 | D        | Killed Jessica
    35 | D        | Reached skill level 5 in Dodging
    35 | D        | Reached skill level 6 in Stealth
    35 | D        | Reached XP level 2. HP: 13/13 MP: 5/8
    35 | D        | Reached XP level 3. HP: 16/16 MP: 6/10
    39 | D        | Learned a level 2 spell: Ensorcelled Hibernation
    43 | D        | Learned a level 3 spell: Confuse
    47 | D        | Learned a level 3 spell: Tukima's Dance
   149 | D        | Killed a yaktaur
   173 | D        | Noticed a wolf
   182 | D        | Killed a wolf
   182 | D        | Reached skill level 7 in Stealth
   182 | D        | Reached skill level 5 in Spellcasting
   202 | D        | Learned a level 3 spell: Dazzling Spray
   219 | D        | Killed a white draconian scorcher
   251 | D        | Killed a white draconian scorcher
   284 | D        | Killed a yaktaur
   379 | D        | Reached skill level 1 in Ice Magic
   379 | D        | Reached XP level 4. HP: 21/21 MP: 1/12
   465 | D        | Gained mutation: You can breathe flames. [potion of mutation]
   465 | D        | Gained mutation: Armour fits poorly on your strangely shaped body. [potion of mutation]
   466 | D        | Lost mutation: You can breathe flames. [potion of cure mutation]
   467 | D        | Gained mutation: You are clumsy. (Dex -2) [potion of mutation]
   467 | D        | Gained mutation: Your magical capacity is low (-10% MP). [potion of mutation]
   467 | D        | Gained mutation: You can breathe flames. [potion of mutation]
   468 | D        | Lost mutation: You can breathe flames. [potion of cure mutation]
   468 | D        | Lost mutation: Armour fits poorly on your strangely shaped body. [potion of cure mutation]
   468 | D        | Lost mutation: Your magical capacity is low (-10% MP). [potion of cure mutation]
   468 | D        | Lost mutation: You are clumsy. (Dex -2) [potion of cure mutation]
   479 | D        | Noticed a water elemental
   524 | D        | Killed a water elemental
   524 | D        | Reached skill level 8 in Stealth
   524 | D        | Reached skill level 1 in Conjurations
   524 | D        | Reached skill level 5 in Hexes
   524 | D        | Reached XP level 5. HP: 24/24 MP: 1/14
   682 | D        | Noticed a jelly
   683 | D        | Noticed a shadow
   685 | D        | Killed a shadow
   685 | D        | Reached skill level 9 in Stealth
   689 | D        | Killed a jelly
   689 | D        | Reached skill level 10 in Stealth
   689 | D        | Reached XP level 6. HP: 28/28 MP: 14/17
   708 | D        | Found a stormy altar of Qazlal.
   709 | D        | Found a sacrificial altar of Ru.
   709 | D        | Found a burning altar of Makhleb.
   709 | D        | Found a viscous altar of Jiyva.
   709 | D        | Found a shimmering altar of Xom.
   709 | D        | Found a shadowy altar of Dithmenos.
   709 | D        | Found a sparkling altar of Nemelex Xobeh.
   709 | D        | Found a corrupted altar of Lugonu.
   709 | D        | Found an opulent altar of Gozag.
   709 | D        | Noticed a spatial vortex
   713 | D        | Became a worshipper of Dithmenos the Shadowed
   742 | D        | Killed a spatial vortex
   742 | D        | Reached skill level 5 in Short Blades
   742 | D        | Reached skill level 1 in Invocations
   883 | D        | Found a radiant altar of Vehumet.
   884 | D        | Found a deep blue altar of Sif Muna.
   884 | D        | Found an ancient bone altar of Kikubaaqudgha.
   884 | D        | Noticed a wizard
   885 | D        | Killed a wizard
   885 | D        | Reached skill level 11 in Stealth
   889 | D        | Noticed a red devil
   948 | D        | Learned a level 3 spell: Gell's Gravitas
   954 | D        | Learned a level 5 spell: Metabolic Englaciation
   954 | D        | Found a glowing silver altar of Zin.
   955 | D        | Found a glowing golden altar of the Shining One.
   955 | D        | Found a white marble altar of Elyvilon.
   955 | D        | Noticed a deep elf priest
   957 | D        | Killed a deep elf priest
   957 | D        | Reached skill level 10 in Dodging
   957 | D        | Reached XP level 7. HP: 32/32 MP: 20/20
   969 | D        | Found an iron altar of Okawaru.
   970 | D        | Found a bloodstained altar of Trog.
   970 | D        | Noticed a human
   970 | D        | Noticed a human
   976 | D        | Killed a human
   976 | D        | Reached skill level 12 in Stealth
   977 | D        | Killed a human
  1130 | D        | Learned a level 4 spell: Petrify
  1130 | D        | Found a snail-covered altar of Cheibriados.
  1130 | D        | Noticed a necrophage
  1131 | D        | Found a basalt altar of Yredelemnul.
  1131 | D        | Found a blossoming altar of Fedhas.
  1131 | D        | Noticed a necromancer
  1132 | D        | Killed a necrophage
  1132 | D        | Acquired Dithmenos's first power
  1132 | D        | Reached skill level 1 in Transmutations
  1132 | D        | Reached XP level 8. HP: 36/36 MP: 22/22
  1133 | D        | Killed a necromancer
  1153 | D        | Noticed a two-headed ogre
  1153 | D        | Noticed a two-headed ogre
  1160 | D        | Killed a two-headed ogre
  1161 | D        | Noticed a two-headed ogre
  1168 | D        | Killed a two-headed ogre
  1193 | D        | Killed a two-headed ogre
  1193 | D        | Reached skill level 1 in Earth Magic
  1216 | D        | Noticed a hill giant
  1219 | D        | Killed a hill giant
  1219 | D        | Acquired Dithmenos's second power
  1219 | D        | Reached skill level 10 in Spellcasting
  1370 | D        | Noticed a hill giant
  1370 | D        | Noticed Erolcha
  1372 | D        | Killed Erolcha
  1372 | D        | Reached skill level 13 in Stealth
  1372 | D        | Reached skill level 5 in Translocations
  1373 | D        | Killed a hill giant
  1373 | D        | Reached XP level 9. HP: 39/39 MP: 24/24
  1380 | D        | Noticed a redback
  1384 | D        | Killed a redback
  1384 | D        | Reached skill level 14 in Stealth
  1421 | D        | Noticed a trapdoor spider
  1423 | D        | Killed a trapdoor spider
  1442 | D        | Noticed a trapdoor spider
  1444 | D        | Killed a trapdoor spider
  1444 | D        | Acquired Dithmenos's third power
  1444 | D        | Reached skill level 5 in Ice Magic
  1471 | D        | Noticed a killer bee
  1471 | D        | Noticed a killer bee
  1471 | D        | Noticed a killer bee
  1471 | D        | Noticed a killer bee
  1471 | D        | Noticed a killer bee
  1471 | D        | Noticed a killer bee
  1471 | D        | Noticed a killer bee
  1471 | D        | Noticed a killer bee
  1471 | D        | Noticed a killer bee
  1471 | D        | Noticed a killer bee
  1471 | D        | Noticed a killer bee
  1471 | D        | Noticed a killer bee
  1471 | D        | Noticed a killer bee
  1471 | D        | Noticed a queen bee
  1471 | D        | Noticed a killer bee
  1472 | D        | Noticed a killer bee
  1472 | D        | Noticed a killer bee
  1472 | D        | Noticed a killer bee
  1472 | D        | Noticed a killer bee
  1472 | D        | Noticed a killer bee
  1472 | D        | Noticed a killer bee
  1472 | D        | Noticed a killer bee
  1472 | D        | Noticed a killer bee
  1472 | D        | Noticed a killer bee
  1472 | D        | Noticed a killer bee
  1472 | D        | Noticed a killer bee
  1472 | D        | Noticed a killer bee
  1472 | D        | Noticed a killer bee
  1472 | D        | Noticed a killer bee
  1472 | D        | Noticed a killer bee
  1472 | D        | Noticed a killer bee
  1472 | D        | Noticed a killer bee
  1472 | D        | Noticed a killer bee
  1473 | D        | Killed a killer bee
  1474 | D        | Killed a killer bee
  1477 | D        | Killed a killer bee
  1478 | D        | Killed a killer bee
  1479 | D        | Killed a killer bee
  1479 | D        | Acquired Dithmenos's fourth power
  1483 | D        | Killed a killer bee
  1485 | D        | Killed a killer bee
  1487 | D        | Killed a killer bee
  1489 | D        | Killed a killer bee
  1491 | D        | Killed a killer bee
  1491 | D        | Reached skill level 5 in Transmutations
  1494 | D        | Killed a killer bee
  1644 | D        | Killed a killer bee
  1646 | D        | Killed a killer bee
  1648 | D        | Killed a killer bee
  1650 | D        | Killed a killer bee
  1652 | D        | Killed a killer bee
  1654 | D        | Killed a killer bee
  1656 | D        | Killed a killer bee
  1658 | D        | Killed a killer bee
  1660 | D        | Killed a killer bee
  1664 | D        | Killed a killer bee
  1666 | D        | Killed a killer bee
  1666 | D        | Reached skill level 15 in Stealth
  1811 | D        | Killed a killer bee
  1816 | D        | Killed a killer bee
  1819 | D        | Killed a killer bee
  1820 | D        | Killed a killer bee
  1825 | D        | Killed a killer bee
  2048 | D        | Killed a killer bee
  2055 | D        | Killed a queen bee
  2055 | D        | Reached XP level 10. HP: 44/44 MP: 10/27
  2061 | D        | Killed a killer bee
  2061 | D        | Killed a killer bee
  2067 | D        | Killed a killer bee
  2085 | D        | Killed a killer bee
  2211 | D        | Noticed a wandering mushroom
  2212 | D        | Noticed a wandering mushroom
  2212 | D        | Noticed a wandering mushroom
  2214 | D        | Killed a wandering mushroom
  2219 | D        | Killed a wandering mushroom
  2223 | D        | Killed a wandering mushroom
  2223 | D        | Reached skill level 5 in Conjurations
  2283 | D        | Noticed a spiny frog
  2283 | D        | Noticed a komodo dragon
  2283 | D        | Noticed a spiny frog
  2569 | D        | Killed a spiny frog
  2573 | D        | Killed a spiny frog
  2577 | D        | Killed a komodo dragon
  2577 | D        | Reached skill level 16 in Stealth
  2619 | D        | Noticed a redback
  2621 | D        | Killed a redback
  2622 | D        | Noticed a brain worm
  2626 | D        | Killed a brain worm
  2631 | D        | Noticed a brain worm
  2633 | D        | Killed a brain worm
  2639 | D        | Noticed a lindwurm
  2641 | D        | Noticed a redback
  2642 | D        | Killed a lindwurm
  2644 | D        | Killed a redback
  2648 | D        | Noticed a redback
  2649 | D        | Killed a redback
  2650 | D        | Noticed Maud
  2652 | D        | Killed Maud
  2652 | D        | Reached skill level 15 in Dodging
  2652 | D        | Reached skill level 10 in Hexes
  2652 | D        | Reached skill level 5 in Earth Magic
  2652 | D        | Reached XP level 11. HP: 47/47 MP: 29/29
  2658 | D        | Noticed an electric eel
  2659 | D        | Noticed an eight-headed hydra
  2659 | D        | Noticed a seven-headed hydra
  2664 | D        | Killed an electric eel
  2666 | D        | Killed an eight-headed hydra
  2666 | D        | Reached skill level 17 in Stealth
  2667 | D        | Killed a seven-headed hydra
  2703 | D        | Noticed a death drake
  2706 | D        | Killed a death drake
  2706 | D        | Reached skill level 10 in Translocations
  2718 | D        | Found a blossoming altar of Fedhas.
  2718 | D        | Noticed a spriggan
  2718 | D        | Noticed a spriggan druid
  2718 | D        | Noticed a spriggan
  2720 | D        | Killed a spriggan druid
  2721 | D        | Killed a spriggan
  2722 | D        | Killed a spriggan
  2749 | D        | Noticed a black mamba
  2749 | D        | Noticed a black mamba
  2751 | D        | Killed a black mamba
  2755 | D        | Killed a black mamba
  2774 | D        | Noticed a water moccasin
  2774 | D        | Noticed a black mamba
  2774 | D        | Noticed a water moccasin
  2793 | D        | Killed a black mamba
  2793 | D        | Reached skill level 18 in Stealth
  2797 | D        | Killed a water moccasin
  2996 | D        | Noticed a water moccasin
  2997 | D        | Killed a water moccasin
  2998 | D        | Noticed a water moccasin
  2998 | D        | Noticed a water moccasin
  2998 | D        | Noticed a water moccasin
  2998 | D        | Noticed a water moccasin
  3000 | D        | Killed a water moccasin
  3005 | D        | Killed a water moccasin
  3007 | D        | Killed a water moccasin
  3012 | D        | Killed a water moccasin
  3048 | D        | Killed a water moccasin
  3068 | D        | Noticed a naga
  3068 | D        | Noticed a naga
  3070 | D        | Noticed a naga warrior
  3070 | D        | Noticed a greater naga
  3070 | D        | Found Quxim's Magic Scroll Shop.
  3070 | D        | Found Erikhale's Antique Armour Shoppe.
  3071 | D        | Killed a naga
  3072 | D        | Killed a naga
  3073 | D        | Found Tyefrud's Gadget Boutique.
  3074 | D        | Killed a naga warrior
  3075 | D        | Killed a greater naga
  3096 | D        | Noticed a guardian serpent
  3098 | D        | Killed a guardian serpent
  3099 | D        | Got a serpentine rune of Zot
  3182 | D        | Noticed a swamp drake
  3182 | D        | Noticed a fire drake
  3183 | D        | Killed a fire drake
  3185 | D        | Killed a swamp drake
  3195 | D        | Noticed a blink frog
  3195 | D        | Noticed a blink frog
  3195 | D        | Noticed a blink frog
  3196 | D        | Noticed a blink frog
  3196 | D        | Noticed a blink frog
  3197 | D        | Killed a blink frog
  3197 | D        | Reached skill level 15 in Spellcasting
  3197 | D        | Reached XP level 12. HP: 51/51 MP: 26/32
  3199 | D        | Killed a blink frog
  3199 | D        | Reached skill level 10 in Short Blades
  3201 | D        | Killed a blink frog
  3204 | D        | Killed a blink frog
  3204 | D        | Reached skill level 19 in Stealth
  3209 | D        | Killed a blink frog
  3279 | D        | Noticed Rupert
  3281 | D        | Killed Rupert
  3281 | D        | Reached skill level 10 in Transmutations
  3304 | D        | Noticed a death yak
  3305 | D        | Noticed a death yak
  3305 | D        | Noticed a blink frog
  3306 | D        | Noticed an azure jelly
  3306 | D        | Noticed a death yak
  3306 | D        | Noticed an azure jelly
  3306 | D        | Noticed a blink frog
  3306 | D        | Noticed a death yak
  3307 | D        | Killed a death yak
  3308 | D        | Killed a blink frog
  3309 | D        | Killed a death yak
  3310 | D        | Noticed a blink frog
  3310 | D        | Noticed a black mamba
  3324 | D        | Killed a death yak
  3327 | D        | Killed a blink frog
  3331 | D        | Killed a death yak
  3335 | D        | Killed a blink frog
  3340 | D        | Killed a black mamba
  3347 | D        | Noticed a black mamba
  3352 | D        | Noticed an azure jelly
  3352 | D        | Noticed an azure jelly
  3353 | D        | Killed a black mamba
  3419 | D        | Killed a yaktaur
  3588 | D        | Noticed a snapping turtle
  3590 | D        | Noticed a kraken
  3595 | D        | Killed a snapping turtle
  3660 | D        | Killed a kraken
  3660 | D        | Reached skill level 20 in Stealth
  3729 | D        | Noticed a snapping turtle
  3735 | D        | Noticed a snapping turtle
  3735 | D        | Noticed an alligator snapping turtle
  3738 | D        | Killed a snapping turtle
  3739 | D        | Noticed a snapping turtle
  3739 | D        | Noticed a snapping turtle
  3739 | D        | Found Raemunit's Gadget Shop.
  3739 | D        | Found Rarphah's Antique Weapon Boutique.
  3739 | D        | Found Tapeax's Magic Scroll Shoppe.
  3740 | D        | Killed an alligator snapping turtle
  3741 | D        | Killed a snapping turtle
  3743 | D        | Killed a snapping turtle
  3745 | D        | Killed a snapping turtle
  3750 | D        | Got a barnacled rune of Zot
  3809 | D        | Noticed an elephant
  3809 | D        | Noticed an elephant
  3809 | D        | Noticed a dire elephant
  3809 | D        | Noticed a dire elephant
  3809 | D        | Noticed Gastronok
  3811 | D        | Killed Gastronok
  3812 | D        | Killed a dire elephant
  3812 | D        | Reached XP level 13. HP: 55/55 MP: 34/34
  3814 | D        | Killed a dire elephant
  3824 | D        | Killed an elephant
  3828 | D        | Killed an elephant
  3928 | D        | Noticed Dowan
  3928 | D        | Noticed Duvessa
  3930 | D        | Killed Dowan
  3930 | D        | Reached skill level 21 in Stealth
  3945 | D        | Killed Duvessa
  4082 | D        | Found Roemudy's Weapon Emporium.
  4082 | D        | Noticed an orc sorcerer
  4084 | D        | Noticed an orc warrior
  4084 | D        | Noticed an orc priest
  4084 | D        | Noticed an orc knight
  4084 | D        | Noticed an orc warrior
  4084 | D        | Noticed an orc warrior
  4084 | D        | Noticed an orc high priest
  4084 | D        | Noticed an orc high priest
  4084 | D        | Noticed an orc warrior
  4091 | D        | Killed an orc sorcerer
  4094 | D        | Killed an orc high priest
  4103 | D        | Killed an orc warrior
  4114 | D        | Killed an orc warrior
  4119 | D        | Killed an orc warrior
  4120 | D        | Killed an orc high priest
  4144 | D        | Killed an orc warrior
  4149 | D        | Killed an orc knight
  4162 | D        | Killed an orc priest
  4337 | D        | Noticed a deep elf summoner
  4337 | D        | Noticed a deep elf summoner
  4337 | D        | Noticed a deep elf conjurer
  4337 | D        | Noticed a deep elf priest
  4337 | D        | Noticed a deep elf priest
  4342 | D        | Noticed a deep elf demonologist
  4344 | D        | Killed a deep elf priest
  4347 | D        | Noticed a deep elf conjurer
  4347 | D        | Killed a deep elf conjurer
  4349 | D        | Killed a deep elf summoner
  4353 | D        | Killed a deep elf priest
  4364 | D        | Killed a deep elf summoner
  4541 | D        | Noticed a deep elf high priest
  4541 | D        | Noticed a deep elf annihilator
  4541 | D        | Noticed a deep elf annihilator
  4546 | D        | Killed a deep elf high priest
  4549 | D        | Noticed a deep elf blademaster
  4551 | D        | Killed a deep elf annihilator
  4779 | D        | Noticed a deep elf death mage
  4788 | D        | Killed a deep elf death mage
  4791 | D        | Killed a deep elf demonologist
  4794 | D        | Killed a deep elf conjurer
  5023 | D        | Killed a deep elf annihilator
  5023 | D        | Reached skill level 22 in Stealth
  5501 | D        | Bought a scroll of identify for 22 gold pieces
  5501 | D        | Bought a scroll of identify for 22 gold pieces
  5501 | D        | Bought a scroll of holy word for 82 gold pieces
  5501 | D        | Bought a scroll of blinking for 82 gold pieces
  5501 | D        | Bought a scroll of identify for 22 gold pieces
  5501 | D        | Bought a scroll of identify for 22 gold pieces
  5501 | D        | Bought a scroll of identify for 22 gold pieces
  5714 | D        | Got a slimy falchion
  5746 | D        | Identified Adomegas's Papyrus of Changing (You found it in the Dungeon)
  5750 | D        | HP: 1/55 [deep elf blademaster (16)]
  5750 | D        | Demolished by a deep elf blademaster

Vault maps used:
D:        dungeon_sprint_mu

Action                   |  1- 3 |  4- 6 |  7- 9 | 10-12 | 13-15 || total
-------------------------+-------+-------+-------+-------+-------++-------
Melee: Dagger            |     9 |    28 |    48 |    89 |    64 ||   238
 Cast: Ensorcelled Hiber |     8 |     2 |    28 |    32 |    12 ||    82
       Dazzling Spray    |     1 |     8 |    15 |    16 |    41 ||    81
       Tukima's Dance    |       |       |     8 |       |     4 ||    12
       Gell's Gravitas   |       |       |     3 |       |       ||     3
       Confuse           |       |       |       |     3 |     4 ||     7
       Corona            |       |       |       |       |     1 ||     1
Invok: Shadow Step       |       |       |     2 |    15 |     2 ||    19
  Use: Scroll            |       |     5 |       |       |     6 ||    11
       Potion            |       |     5 |       |       |     6 ||    11
 Stab: Sleeping          |     5 |     5 |    30 |    61 |    13 ||   114
       Invisible         |       |       |     2 |     2 |     4 ||     8
       Confused          |       |       |       |       |     4 ||     4
  Eat: Royal jelly       |       |       |       |     1 |     1 ||     2
